AoeStats
← _LY_抖音肥龙

Arabia

504498072Analyzed
1v1 RM · 28d ago on Sep 5, 2026· 40m 30s· 2 players
Game mode
Random Map
Map size
Tiny (2 player)
Population
200
Speed
Normal
Resources
Standard
Victory
Conquest
Starting age
Dark Age
Ending age
Imperial Age
RankedLock teamsTeams togetherTeam positionsShared explorationLock speedFull tech treeHidden civsTurbo modeCheats
Victory
Defeat
🇨🇳 Mongols · China
2820
+15
🇭🇰 Wu · Hong Kong SAR China
2807
-15
_LY_抖音肥龙
6:34 Loom
8:50 Feudal Age
9:31 Double-Bit Axe
12:33 Fletching
16:01 Padded Archer Armor
21:58 Castle Age
21:26 Gold Mining
21:16 Horse Collar
22:01 Crossbowman
22:37 Bodkin Arrow
23:05 Bow Saw
24:37 Ballistics
25:14 Wheelbarrow
30:54 Imperial Age
31:07 Leather Archer Armor
31:36 Bracer
32:38 Chemistry
32:51 Arbalester
35:41 Leather Archer Armor
39:23 Hand Cart
39:10 Stone Mining
40:53 Two-Man Saw
39:45 Town Watch
_LY_Yo
7:34 Feudal Age
8:12 Double-Bit Axe
10:07 Loom
10:15 Fletching
20:37 Castle Age
18:31 Horse Collar
19:32 Padded Archer Armor
20:22 Bloodlines
21:21 Bodkin Arrow
22:02 Bow Saw
22:56 Husbandry
24:20 Town Watch
25:23 Wheelbarrow
25:24 Leather Archer Armor
28:52 Ballistics
28:24 Gold Mining
30:28 Thumb Ring
30:56 Stone Mining
32:43 Hand Cart
33:24 Gold Shaft Mining
33:13 Elite Skirmisher
39:16 Imperial Age
37:51 Stone Shaft Mining
38:43 Masonry
40:21 Conscription
40:02 Bracer
41:03 Chemistry
40:38 Parthian Tactics
Connection lost

Rejoining the realm…

Still unreachable

The connection could not be restored.

Session expired

The server has moved on; the page needs a fresh start.